Workbook

Sheet Ingresos
A1: Libro registro de ventas e ingresos
A2: Una fila por factura emitida. Rellena lo blanco; lo gris se calcula solo. Campos según la Orden HAC/773/2019. Plantilla de somostuweblocal.es
A4: Fecha de expedición | B4: Fecha de operación | C4: Serie | D4: Número | E4: NIF del cliente | F4: Nombre del cliente | G4: Concepto | H4: Base imponible (€) | I4: Tipo IVA (%) | J4: Cuota IVA (€) | K4: Recargo equiv. (€) | L4: Retención IRPF (%) | M4: Retención (€) | N4: Total factura (€) | O4: Cobrada (fecha) | P4: Trimestre
J5: =ROUND(H5*I5/100,2) | M5: =ROUND(H5*L5/100,2) | N5: =H5+J5+K5-M5 | P5: =IF(A5="","",ROUNDUP(MONTH(IF(B5="",A5,B5))/3,0))
J6: =ROUND(H6*I6/100,2) | M6: =ROUND(H6*L6/100,2) | N6: =H6+J6+K6-M6 | P6: =IF(A6="","",ROUNDUP(MONTH(IF(B6="",A6,B6))/3,0))
J7: =ROUND(H7*I7/100,2) | M7: =ROUND(H7*L7/100,2) | N7: =H7+J7+K7-M7 | P7: =IF(A7="","",ROUNDUP(MONTH(IF(B7="",A7,B7))/3,0))
J8: =ROUND(H8*I8/100,2) | M8: =ROUND(H8*L8/100,2) | N8: =H8+J8+K8-M8 | P8: =IF(A8="","",ROUNDUP(MONTH(IF(B8="",A8,B8))/3,0))
J9: =ROUND(H9*I9/100,2) | M9: =ROUND(H9*L9/100,2) | N9: =H9+J9+K9-M9 | P9: =IF(A9="","",ROUNDUP(MONTH(IF(B9="",A9,B9))/3,0))
J10: =ROUND(H10*I10/100,2) | M10: =ROUND(H10*L10/100,2) | N10: =H10+J10+K10-M10 | P10: =IF(A10="","",ROUNDUP(MONTH(IF(B10="",A10,B10))/3,0))
J11: =ROUND(H11*I11/100,2) | M11: =ROUND(H11*L11/100,2) | N11: =H11+J11+K11-M11 | P11: =IF(A11="","",ROUNDUP(MONTH(IF(B11="",A11,B11))/3,0))
J12: =ROUND(H12*I12/100,2) | M12: =ROUND(H12*L12/100,2) | N12: =H12+J12+K12-M12 | P12: =IF(A12="","",ROUNDUP(MONTH(IF(B12="",A12,B12))/3,0))
J13: =ROUND(H13*I13/100,2) | M13: =ROUND(H13*L13/100,2) | N13: =H13+J13+K13-M13 | P13: =IF(A13="","",ROUNDUP(MONTH(IF(B13="",A13,B13))/3,0))
J14: =ROUND(H14*I14/100,2) | M14: =ROUND(H14*L14/100,2) | N14: =H14+J14+K14-M14 | P14: =IF(A14="","",ROUNDUP(MONTH(IF(B14="",A14,B14))/3,0))
J15: =ROUND(H15*I15/100,2) | M15: =ROUND(H15*L15/100,2) | N15: =H15+J15+K15-M15 | P15: =IF(A15="","",ROUNDUP(MONTH(IF(B15="",A15,B15))/3,0))
J16: =ROUND(H16*I16/100,2) | M16: =ROUND(H16*L16/100,2) | N16: =H16+J16+K16-M16 | P16: =IF(A16="","",ROUNDUP(MONTH(IF(B16="",A16,B16))/3,0))
... J204: =ROUND(H204*I204/100,2) | M204: =ROUND(H204*L204/100,2) | N204: =H204+J204+K204-M204 | P204: =IF(A204="","",ROUNDUP(MONTH(IF(B204="",A204,B204))/3,0))
A206: TOTAL | H206: =SUM(H5:H204) | J206: =SUM(J5:J204) | K206: =SUM(K5:K204) | M206: =SUM(M5:M204) | N206: =SUM(N5:N204)

Sheet Gastos
A1: Libro registro de compras y gastos
A2: Una fila por factura recibida o gasto con justificante. Marca «No» en IVA deducible si estás en recargo de equivalencia, franquicia o actividad exenta. Plantilla de somostuweblocal.es
A4: Fecha de expedición | B4: Fecha de operación | C4: Nº de factura del proveedor | D4: Nº de orden (tuyo) | E4: NIF del proveedor | F4: Nombre del proveedor | G4: Concepto | H4: Base imponible (€) | I4: Tipo IVA (%) | J4: Cuota IVA (€) | K4: IVA deducible (Sí/No) | L4: Gasto deducible IRPF (€) | M4: Total factura (€) | N4: Pagada (fecha) | O4: Trimestre
J5: =ROUND(H5*I5/100,2) | M5: =H5+J5 | O5: =IF(A5="","",ROUNDUP(MONTH(IF(B5="",A5,B5))/3,0))
J6: =ROUND(H6*I6/100,2) | M6: =H6+J6 | O6: =IF(A6="","",ROUNDUP(MONTH(IF(B6="",A6,B6))/3,0))
J7: =ROUND(H7*I7/100,2) | M7: =H7+J7 | O7: =IF(A7="","",ROUNDUP(MONTH(IF(B7="",A7,B7))/3,0))
J8: =ROUND(H8*I8/100,2) | M8: =H8+J8 | O8: =IF(A8="","",ROUNDUP(MONTH(IF(B8="",A8,B8))/3,0))
J9: =ROUND(H9*I9/100,2) | M9: =H9+J9 | O9: =IF(A9="","",ROUNDUP(MONTH(IF(B9="",A9,B9))/3,0))
J10: =ROUND(H10*I10/100,2) | M10: =H10+J10 | O10: =IF(A10="","",ROUNDUP(MONTH(IF(B10="",A10,B10))/3,0))
J11: =ROUND(H11*I11/100,2) | M11: =H11+J11 | O11: =IF(A11="","",ROUNDUP(MONTH(IF(B11="",A11,B11))/3,0))
J12: =ROUND(H12*I12/100,2) | M12: =H12+J12 | O12: =IF(A12="","",ROUNDUP(MONTH(IF(B12="",A12,B12))/3,0))
J13: =ROUND(H13*I13/100,2) | M13: =H13+J13 | O13: =IF(A13="","",ROUNDUP(MONTH(IF(B13="",A13,B13))/3,0))
J14: =ROUND(H14*I14/100,2) | M14: =H14+J14 | O14: =IF(A14="","",ROUNDUP(MONTH(IF(B14="",A14,B14))/3,0))
J15: =ROUND(H15*I15/100,2) | M15: =H15+J15 | O15: =IF(A15="","",ROUNDUP(MONTH(IF(B15="",A15,B15))/3,0))
J16: =ROUND(H16*I16/100,2) | M16: =H16+J16 | O16: =IF(A16="","",ROUNDUP(MONTH(IF(B16="",A16,B16))/3,0))
... J204: =ROUND(H204*I204/100,2) | M204: =H204+J204 | O204: =IF(A204="","",ROUNDUP(MONTH(IF(B204="",A204,B204))/3,0))
A206: TOTAL | H206: =SUM(H5:H204) | J206: =SUM(J5:J204) | L206: =SUM(L5:L204) | M206: =SUM(M5:M204)

Sheet Resumen
A1: Resumen por trimestre
A2: Cifras orientativas para preparar el 303 y el 130. Revisa siempre con tu gestor. Plantilla de somostuweblocal.es
A4: Trimestre | B4: Ingresos (base) | C4: IVA repercutido | D4: Retenciones soportadas | E4: Gastos (base) | F4: IVA soportado | G4: Rendimiento (ingresos − gastos)
A5: 1T | B5: =SUMIF(Ingresos!P5:P204,1,Ingresos!H5:H204) | C5: =SUMIF(Ingresos!P5:P204,1,Ingresos!J5:J204) | D5: =SUMIF(Ingresos!P5:P204,1,Ingresos!M5:M204) | E5: =SUMIF(Gastos!O5:O204,1,Gastos!L5:L204) | F5: =SUMIF(Gastos!O5:O204,1,Gastos!J5:J204) | G5: =B5-E5
A6: 2T | B6: =SUMIF(Ingresos!P5:P204,2,Ingresos!H5:H204) | C6: =SUMIF(Ingresos!P5:P204,2,Ingresos!J5:J204) | D6: =SUMIF(Ingresos!P5:P204,2,Ingresos!M5:M204) | E6: =SUMIF(Gastos!O5:O204,2,Gastos!L5:L204) | F6: =SUMIF(Gastos!O5:O204,2,Gastos!J5:J204) | G6: =B6-E6
A7: 3T | B7: =SUMIF(Ingresos!P5:P204,3,Ingresos!H5:H204) | C7: =SUMIF(Ingresos!P5:P204,3,Ingresos!J5:J204) | D7: =SUMIF(Ingresos!P5:P204,3,Ingresos!M5:M204) | E7: =SUMIF(Gastos!O5:O204,3,Gastos!L5:L204) | F7: =SUMIF(Gastos!O5:O204,3,Gastos!J5:J204) | G7: =B7-E7
A8: 4T | B8: =SUMIF(Ingresos!P5:P204,4,Ingresos!H5:H204) | C8: =SUMIF(Ingresos!P5:P204,4,Ingresos!J5:J204) | D8: =SUMIF(Ingresos!P5:P204,4,Ingresos!M5:M204) | E8: =SUMIF(Gastos!O5:O204,4,Gastos!L5:L204) | F8: =SUMIF(Gastos!O5:O204,4,Gastos!J5:J204) | G8: =B8-E8
A10: AÑO | B10: =SUM(B5:B8) | C10: =SUM(C5:C8) | D10: =SUM(D5:D8) | E10: =SUM(E5:E8) | F10: =SUM(F5:F8) | G10: =SUM(G5:G8)
A12: Nota: el IVA soportado suma todas las cuotas; resta a mano las que tengan «No» en IVA deducible. Los gastos cuentan por el importe de la columna «Gasto deducible IRPF».
